Unix NetHack Version 5.0.0-0 post-release - last build May  4 2026 22:22:43 (774f63e81ad911689b3a0859ea89b322d5daca8d,branch:main).

Game began 2026-05-06 04:52:10, ended 2026-05-06 05:02:55.

2460080212, lawful female human Valkyrie

 -------                                          -------------
 |...?..###                          ------   ####............|
 |.....|  #   #----------            |....|   #   |...........|
 |...<..## ####.........|            |>...|  ##   |...........|
 |.....|       |.........############|....|###    -----|-------
 |......       |........|           #|.....#           #
 -------       |.........############------            #
               ----------           ####               #
                                   ###########@d`      ###
                                               #######   #
                                                 ###%#######`
                                                     #   -|----- ---
                                                         |%%.{$.....
                                                         |.........|
                                                         +.........|
                                                         -----------

2460080212 the Skirmisher   St:18/01 Dx:13 Co:15 In:8 Wi:9 Ch:11  Lawful
Dlvl:3  $:28 HP:0(29) Pw:8(8) AC:6  Xp:3 T:1598 

Latest messages:
 The little dog misses the gecko.
 The little dog bites the gecko.
 The gecko is killed!
 The newt bites!
 You miss the newt.
 The newt misses!
 The little dog misses the newt.
 The little dog bites the newt.
 The newt bites the little dog.
 You kill the newt!
 You hear water falling on coins.
 The door opens.
 The giant rat bites!
 You miss the giant rat.
 The giant rat bites!
 The giant rat bites!
 You kill the giant rat!
 The giant rat bites!
 You miss the jackal.
 The giant rat bites!
 The jackal misses!
 You kill the jackal!
 The giant rat bites!
 The giant rat misses!
 The little dog bites!
 You miss the giant rat.
 The giant rat bites!
 The little dog bites!
 You kill the giant rat!
 The little dog bites!
 The little dog bites!
 The little dog just misses!
 The little dog misses the little dog.
 You hear some noises.
 You hear some noises in the distance.
 You hear some noises.
 You destroy the kobold zombie!
 You see here a kobold corpse.
 It bites the wererat.
 The wererat is killed!
 You hear some noises in the distance.
 The little dog misses!
 The little dog bites!
 The little dog bites!
 You die...
 Do you want your possessions identified? [ynq] (y) n
 Do you want to see your attributes? [ynq] (y) n
 Do you want an account of creatures vanquished? [ynaq] (y) n
 Do you want to see your conduct and achievements? [ynq] (y) n
 Do you want to see the dungeon overview? [ynq] (y) n

Inventory:
 Coins    ('$')
  $ - 28 gold pieces
 Weapons  (')')
  b - a +0 dagger (alternate weapon; not wielded)
  a - a +1 spear (weapon in right hand)
 Armor    ('[')
  f - an uncursed +0 orcish helm
  c - an uncursed +3 small shield (being worn)
 Comestibles  ('%')
  d - 2 uncursed food rations
 Potions  ('!')
  e - an uncursed potion of fruit juice
  h - an uncursed potion of water

2460080212 the Valkyrie's attributes:

Background:
 You were a Skirmisher, a level 3 human Valkyrie.
 You were lawful, nominally on a mission for Tyr
 who was opposed by Odin (neutral) and Loki (chaotic).
 You were right-handed.
 You were in the Dungeons of Doom, on level 3.
 You entered the dungeon 1598 turns ago.
 It was nighttime.
 You had 51 experience points, 29 more were needed to attain level 4.

Basics:
 You had 0 out of 29 hit points.
 You had all 8 energy points (spell power).
 Your armor class was 6.
 Your wallet contained 28 zorkmids.
 Autopickup was off.

Final Characteristics:
 Your strength was 18/01 (limit:18/100).
 Your dexterity was 13 (limit:18).
 Your constitution was 15 (limit:18).
 Your intelligence was 8 (limit:18).
 Your wisdom was 9 (limit:18).
 Your charisma was 11 (limit:18).

Final Status:
 You weren't hungry.
 You were unencumbered.
 You were wielding a spear.
 You had basic skill with spear.

Final Attributes:
 You were devoutly aligned.
 You were cold resistant.
 You were stealthy.
 You are dead.

Miscellaneous:
 You didn't encounter any bones levels.
 Total elapsed playing time was 10 minutes and 44 seconds.

Major events:
 Turn
    1: 2460080212 the lawful human Valkyrie entered the dungeon
  897: attained the rank of Skirmisher (level 3)
 1598: killed by a little dog

You didn't know any spells.

Skills:
 Fighting Skills
   bare handed combat [Unskilled]
   two weapon combat  [Unskilled]
   riding             [Unskilled]
 Weapon Skills
   dagger             [Basic]
   axe                [Unskilled]
   pick-axe           [Unskilled]
   short sword        [Unskilled]
   broadsword         [Unskilled]
   long sword         [Unskilled]
   two-handed sword   [Unskilled]
   saber              [Unskilled]
   hammer             [Unskilled]
   quarterstaff       [Unskilled]
   polearms           [Unskilled]
   spear              [Basic]
   trident            [Unskilled]
   lance              [Unskilled]
   sling              [Unskilled]
 Spellcasting Skills
   attack spells      [Unskilled]
   escape spells      [Unskilled]

Voluntary challenges:
 Character rerolling was not enabled.
 You were an atheist.
 You were illiterate.
 You never genocided any monsters.
 You never polymorphed an object.
 You never changed form.
 You used no wishes.
Achievements:
 You attained the rank of Skirmisher.
 You entered a shop.

 The Dungeons of Doom: levels 1 to 3
    Level 1:
       A fountain.
    Level 2:
       An armor shop.
    Level 3: <- You were here.
       A sink.
       Final resting place for
          you, killed by a little dog.


Vanquished creatures:
  a wererat
  2 large kobolds
  2 giant rats
  3 geckos
  4 jackals
  a fox
  2 kobolds
  3 goblins
  2 sewer rats
  a grid bug
  a lichen
  2 kobold zombies
  3 newts
27 creatures vanquished.

No species were genocided or became extinct.

Game over:
                       ----------
                      /          \
                     /    REST    \
                    /      IN      \
                   /     PEACE      \
                  /                  \
                  |    2460080212    |
                  |      28 Au       |
                  |   killed by a    |
                  |    little dog    |
                  |                  |
                  |                  |
                  |       2026       |
                 *|     *  *  *      | *
        _________)/\\_//(\/(/\)/\//\/|_)_______

Farvel 2460080212 the Valkyrie...

You died in The Dungeons of Doom on dungeon level 3 with 330 points,
and 28 pieces of gold, after 1598 moves.
You were level 3 with a maximum of 29 hit points when you died.

